 Dungeon Crawl Stone Soup version 0.31-a0-240-gb923e448b6 (webtiles) character file.

Game seed: 3787924900586786624

403 Tea the Covered (level 6, 0/38 HPs)
             Began as a Gargoyle Fighter on July 12, 2023.
             Was an Initiate of Okawaru.
             Slain by an ice beast (7 damage)
             ... on level 5 of the Dungeon.
             The game lasted 00:24:03 (4473 turns).

Tea the Covered (Gargoyle Fighter)                  Turns: 4473, Time: 00:24:04

Health: 0/38       AC: 11    Str: 19 (22) XL:     6   Next: 86%
Magic:  6/6        EV:  9    Int:  7 (8)  God:    Okawaru [......]
Gold:   277        SH:  4    Dex:  6 (9)  Spells: 3/5 levels left

rFire   . . .        a - +0 flail
rCold   . . .        c - +0 buckler
rNeg    + . .        b - +0 scale mail
rPois   ∞            (no helmet)
rElec   +            (no cloak)
rCorr   .            (no gloves)
SInv    .            (no boots)
Will    .....        (no amulet) Stlth
                     (no ring)
HPRegen 0.26/turn    (no ring)
MPRegen 0.10/turn

%: no passive effects
@: invisible
A: sickness immunity, AC +4, negative energy resistance 1, electricity
resistance, torment resistance 1, petrification resistance
a: Renounce Religion


You were on level 5 of the Dungeon.
You worshipped Okawaru.
Okawaru was noncommittal.
You visited 1 branch of the dungeon, and saw 5 of its levels.

You collected 277 gold pieces.

Inventory:

Hand Weapons
 a - a +0 flail (weapon)
Armour
 b - a +0 scale mail (worn)
 c - a +0 buckler (worn)
Jewellery
 p - an amulet of reflection
 q - an amulet of guardian spirit
Wands
 n - a wand of roots (8)
Scrolls
 f - a scroll of identify
 g - a scroll of amnesia
 h - a scroll of poison {unknown}
 i - a scroll of enchant armour {unknown}
 k - a scroll of fear {unknown}
 r - a scroll of teleportation
Potions
 d - 3 potions of might
 e - a potion of enlightenment
 l - a potion of curing


   Skills:
 * Level 4.2 Fighting
 * Level 4.1 Maces & Flails
 * Level 5.2 Armour
 * Level 5.1 Shields


You had 3 spell levels left.
You knew the following spells:

 Your Spells              Type           Power      Damage    Failure   Level
a - Wereblood             Tmut           0%         N/A       94%         2

Your spell library contained the following spells:

 Spells                   Type           Power      Damage    Failure   Level
 Irradiate                Conj/Tmut      0%         3d11      100%        5


Dungeon Overview and Level Annotations

Branches:
Dungeon (5/15)
 Temple: D:4-7

Altars:
Makhleb
Okawaru
Xom
The Shining One

Shops:
D:3 [   D:4 ::   D:5 *

Annotations:
D:1 1 transporter


Innate Abilities, Weirdness & Mutations

You are immune to sickness and miasma.
Your stone body is resilient. (AC +4)
You are immune to poison.
You resist negative energy. (rN+)
You are resistant to electric shocks. (rElec)
You are resistant to unholy torment.
You are immune to petrification.


Message History

There is an open door here.
There is an open door here.
You see here a +0 robe.
There is an open door here.
There is an open door here.
There is an open door here.
There is a stone staircase leading down here.
An ice beast and an orc come into view.
The orc shouts!
There are monsters nearby!
The ice beast closely misses you. The orc hits you but does no damage.
You closely miss the ice beast.
The ice beast hits you but does no damage.
The orc hits you with a +0 whip.
You barely miss the ice beast. The ice beast hits you.
The ice beast freezes you! The orc barely misses you.
The ice beast closely misses you. The orc hits you with a +0 whip.
You completely miss the ice beast. The ice beast hits you.
The ice beast freezes you!
* * * LOW HITPOINT WARNING * * *
The orc barely misses you. The orc attacks as you move away!
The orc hits you with a +0 whip.
* * * LOW HITPOINT WARNING * * *
The ice beast attacks as you move away!
The ice beast hits you but does no damage.
The orc attacks as you move away! The orc closely misses you.
The orc attacks as you move away! The orc hits you but does no damage.
The ice beast hits you but does no damage.
The orc attacks as you move away! The orc hits you with a +0 whip.
* * * LOW HITPOINT WARNING * * *
The ice beast closely misses you. The ice beast attacks as you move away!
The ice beast hits you but does no damage.
There is a shimmering altar of Xom here.
You fade into invisibility!
The ice beast hits you but does no damage.
You open the door. The ice beast hits you.
* * * LOW HITPOINT WARNING * * *
The ice beast freezes you!
You die...

#######'######## #....# ........#
#....# ...###### ####....# ##.##
#.......### #..###
#.##......##### ###...###
########.####.##.#.... ........##
#......._...#.##.#.###
####.##..###......#.#..+(##.#.###
...#.###..##....@Yo....####.#.#..
##<#.# ##...####'####### #.#...#
.#.#.# ###..# #.# #####......
.#.#.# ##.# #.# #.....#####
...#.# #.###.# ###.###.[....
.###.# #...#.####...# #######
.....# ######.....##.### ...###
#..........##.# ....##
#.########.##'######


You could see an ice beast (unable to see you) and an orc (unable to see you).

Vanquished Creatures
  A black bear (D:4)
  A scorpion (D:5)
  2 orc priests (D:4)
  A hound (D:5)
  2 iguanas
  5 adders
  An ufetubus (D:5)
  A worm (D:2)
  2 dart slugs
  4 orcs (D:4)
  10 ball pythons
  5 endoplasms
  A giant cockroach (D:3)
  4 goblins
  3 hobgoblins
  2 jackals (D:2)
  3 kobolds
  2 quokkas
  5 bats
  A frilled lizard (D:2)
  2 rats (D:2)
58 creatures vanquished.

Notes
Turn   | Place    | Note
-------+----------+-------------------------------------------
     0 | D:1      | Tea the Gargoyle Fighter began the quest for the Orb.
     0 | D:1      | Reached XP level 1. HP: 14/14 MP: 1/1
   985 | D:1      | Reached XP level 2. HP: 17/19 MP: 2/2
  1331 | D:2      | Reached XP level 3. HP: 23/23 MP: 3/3
  1879 | D:2      | Found a faded altar of an unknown god.
  1925 | D:2      | Reached XP level 4. HP: 29/29 MP: 4/4
  1976 | D:3      | Found Cizxoq's Armour Boutique.
  2573 | D:3      | Found a burning altar of Makhleb.
  2622 | D:4      | Noticed a black bear
  2639 | D:4      | Killed a black bear
  2640 | D:4      | Reached XP level 5. HP: 4/33 MP: 5/5
  2847 | D:4      | Found Cutab's Book Emporium.
  3064 | D:4      | Found an iron altar of Okawaru.
  3095 | D:4      | Became a worshipper of Warmaster Okawaru
  3099 | D:4      | Learned a level 2 spell: Wereblood
  3180 | D:4      | Found Dekuyd's Self-Improvement Boutique.
  3395 | D:4      | Reached XP level 6. HP: 12/38 MP: 6/6
  3683 | D:5      | Entered Level 5 of the Dungeon
  3735 | D:5      | Found a shimmering altar of Xom.
  3786 | D:5      | Reached skill level 5 in Armour
  3786 | D:5      | Reached skill level 5 in Shields
  4053 | D:5      | Found Dyawom's Assorted Antiques.
  4261 | D:5      | Found a glowing golden altar of the Shining One.
  4448 | D:5      | Noticed an ice beast
  4473 | D:5      | Slain by an ice beast

Illustrated notes

Levels and vault maps discovered:
D:1:      spicycebolla_arrival_transporter_tutorial, layout_loops_corners,
          nicolae_eternal_life
D:2:      layout_basic, chequers_ecumenical_altar_simple_redux,
          hangedman_feature_mirror, st_stairs_8, dreamdust_mushroom_princess,
          nicolae_twisty_statue_hallways
D:3:      layout_basic, mainiacjoe_overflow_paths, serial_shops,
          nicolae_shop_gaudy_bauble, nicolae_shop_stone,
          chequers_serial_rivers_room_b
D:4:      layout_gridville, okawaru_metal_pillars_1_2, serial_shops,
          kennysheep_mini_moat, nicolae_shop_self_help
D:5:      layout_basic, lemuel_crystal_altar, lemuel_crystal_altar,
          serial_shops, shop, nicolae_the_louvre

Skill      XL: |  1  2  3  4  5  6 |
---------------+-------------------+-----
Fighting       | 4 |  4.2
Armour         | 4 5 |  5.2
Shields        | 4 5 |  5.1
Maces & Flails | 3 4 |  4.1

Action                     |  1- 3 |  4- 6 || total
---------------------------+-------+-------++-------
  Melee: Flail             |    98 |   151 ||   249
  Evoke: Wand              |       |     1 ||     1
    Use: Scroll            |       |     8 ||     8
         Potion            |       |     7 ||     7
 Armour: Scale mail        |    54 |   136 ||   190
  Dodge: Dodged            |    60 |   108 ||   168
  Block: Buckler           |    19 |    60 ||    79

Table legend: (Time is in decaauts)
 A = Elapsed time spent in this place.
 B = Non-inter-level travel time spent in this place.
 C = Inter-level travel time spent in this place.
 D = Time resting spent in this place.
 E = Time spent auto-exploring this place.
 F = Levels seen in this place.
 G = Mean time per level.
                   A        B        C        D        E       F      G
               +--------+--------+--------+--------+--------+-----+--------+
         Total |   4541 |   4357 |    184 |    170 |   1901 |   5 |  908.2 |
       Dungeon |   4541 |   4357 |    184 |    170 |   1901 |   5 |  908.2 |
               +--------+--------+--------+--------+--------+-----+--------+

Top non-repeatable levels by time:
     D:1: 1160 daAuts
     D:4: 1118 daAuts
     D:2: 833 daAuts
     D:5: 798 daAuts
     D:3: 632 daAuts
